AoeStats
← BYoooo

Arabia

509857953Analyzed
1v1 RM · 4d ago on Sep 28, 2026· 39m 53s· 2 players
Game mode
Random Map
Map size
Tiny (2 player)
Population
200
Speed
Normal
Resources
Standard
Victory
Conquest
Starting age
Dark Age
Ending age
Imperial Age
RankedLock teamsTeams togetherTeam positionsShared explorationLock speedFull tech treeHidden civsTurbo modeCheats
Victory
Defeat
🇩🇪 Franks · Germany
660
+17
🇮🇹 Vietnamese · Italy
680
-17
BYoooo
10:36 Feudal Age
11:11 Double-Bit Axe
15:21 Castle Age
17:05 Wheelbarrow
16:17 Loom
23:27 Scale Barding Armor
23:33 Forging
23:44 Bow Saw
26:13 Chain Barding Armor
26:49 Gold Mining
26:51 Stone Mining
29:47 Imperial Age
27:05 Town Watch
28:18 Hand Cart
30:43 Iron Casting
32:47 Conscription
32:42 Husbandry
32:07 Cavalier
33:36 Paladin
ALOAMALOA
2:11 Loom
12:03 Feudal Age
19:44 Castle Age
17:39 Horse Collar
17:47 Double-Bit Axe
18:34 Stone Mining
18:50 Gold Mining
22:50 Elite Skirmisher
24:32 Thumb Ring
25:49 Squires
25:11 Pikeman
27:05 Heavy Plow
29:35 Padded Archer Armor
31:49 Leather Archer Armor
31:25 Fletching
36:52 Imperial Age
34:50 Chatras
36:14 Wheelbarrow
37:03 Bodkin Arrow
37:19 Forging
37:03 Halberdier
37:32 Imperial Skirmisher
Connection lost

Rejoining the realm…

Still unreachable

The connection could not be restored.

Session expired

The server has moved on; the page needs a fresh start.